 Dungeon Crawl Stone Soup version 0.31.0-9-g3a7656b989 (webtiles) character file.

Game seed: 14166804839537275889

21069 EnegeticOcto the Grappler (level 12, 69/113 HPs)
             Began as a Troll Monk on Jan 31, 2024.
             Was the Champion of Hepliaklqana.
             Quit the game on level 3 of the Lair of Beasts.
             The game lasted 00:11:11 (11527 turns).

EnegeticOcto the Grappler (Troll Monk)             Turns: 11527, Time: 00:11:12

Health: 69/113     AC: 10    Str: 24    XL:     12   Next: 50%
Magic:  11/11      EV: 12    Int:  6    God:    Hepliaklqana [******]
Gold:   819        SH:  0    Dex: 12    Spells: 11/11 levels left

rFire   + .          .
                       - Unarmed
rCold   + . .        c - orb {light}
rNeg    . . .        H - +0 acid dragon scales
rPois   .            D - +1 hat
rElec   .            (no cloak)
rCorr   +            (gloves unavailable)
SInv    .            (boots unavailable)
Will    ++...        G - amulet "Qiugha Ror" {^Contam Rampage rC+ Regen+}
Stlth   +            h - ring of willpower
HPRegen 1.98/turn    v - ring of resist corrosion
MPRegen 0.12/turn

%: rampage
@: glowing, studying Dodging
A: reduced essence, large, unfitting armour, claws 3, regeneration 1, shaggy fur
1, tough skin 1, fire resistance 1, strong-willed 1, sense surroundings 1, weak
1
a: Renounce Religion, Recall Ancestor, Ancestor Identity, Transference, Idealise


You were on level 3 of the Lair of Beasts.
You worshipped Hepliaklqana.
Hepliaklqana was exalted by your worship.
You visited 3 branches of the dungeon, and saw 14 of its levels.
You also visited: Gauntlet.

You collected 819 gold pieces.

Inventory:

Missiles
 A - 10 curare-tipped darts (quivered)
Armour
 a - a +2 robe
 c - an orb of light (worn)
 g - +1 steam dragon scales
   (You took it off Maggie on level 8 of the Dungeon)
 D - a +1 hat (worn)
   (You found it on level 8 of the Dungeon)
 H - +0 acid dragon scales (worn)
   (You found it on level 10 of the Dungeon)
Jewellery
 h - a ring of willpower (left claw)
   (You found it on level 2 of the Dungeon)
 v - a ring of resist corrosion (right claw)
   (You found it on level 7 of the Dungeon)
 w - a ring of ice
   (You found it on level 6 of the Dungeon)
 G - the amulet "Qiugha Ror" (around neck) {^Contam Rampage rC+ Regen+}
   (You found it in a Gauntlet)

   [amulet of regeneration]

   rC+:       It protects you from cold.
   ^Contam:   It causes magical contamination when unequipped.
   Regen+:    It increases your rate of health regeneration.
   Rampage:   It bestows one free step when moving towards enemies.
Wands
 k - a wand of charming (14)
   (You found it on level 2 of the Dungeon)
 r - a wand of digging (9) {@v3}
   (You found it on level 1 of the Lair of Beasts)
 x - a wand of iceblast (27) {@v2}
   (You found it on level 6 of the Dungeon)
 y - a wand of flame (16) {@v4}
   (You took it off an orc on level 8 of the Dungeon)
 C - a wand of light (11) {@v1}
   (You found it on level 8 of the Dungeon)
 J - a wand of polymorph (2)
   (You found it in a Gauntlet)
Scrolls
 d - 3 scrolls of amnesia
 e - a scroll of immolation
 f - 6 scrolls of vulnerability
 n - 3 scrolls of revelation {@r5 !r}
 p - a scroll of butterflies {!r}
 q - a scroll of fear {!r}
 B - a scroll of silence {!r}
 F - a scroll of teleportation {@r3 !r}
 I - 2 scrolls of enchant weapon {unknown}
Potions
 b - 2 potions of ambrosia
 i - 3 potions of curing {@q1 !q}
 j - 5 potions of haste {@q4 !q}
 l - 2 potions of attraction
 m - 2 potions of enlightenment
 o - a potion of magic
 s - a potion of resistance
 t - 2 potions of degeneration {unknown}
 u - 3 potions of heal wounds {unknown}
 z - a potion of lignification {unknown}
 E - a potion of mutation
Miscellaneous
 K - a condenser vane
   (You found it in a Gauntlet)


   Skills:
 + Level 10.0 Fighting
 + Level 6.3 Armour
 + Level 8.6 Dodging
 + Level 14.3 Unarmed Combat


You had 11 spell levels left.
You didn't know any spells.
Your spell library contained the following spells:

 Spells                   Type           Power      Damage    Failure   Level
 Slow                     Hex            0%         N/A       52%         1
 Call Imp                 Summ           0%         N/A       65%         2
 Cigotuvi's Dreadful Rot  Necr/Alch/Air  0%         N/A       65%         2
 Mercury Vapours          Alch/Air       0%         N/A       65%         2
 Sublimation of Blood     Necr           0%         N/A       65%         2
 Confusing Touch          Hex            0%         N/A       87%         3
 Dazzling Flash           Conj/Hex       0%         N/A       87%         3
 Fugue of the Fallen      Necr           0%         N/A       87%         3
 Gell's Gravitas          Tloc           0%         N/A       87%         3
 Mephitic Cloud           Conj/Alch/Air  0%         N/A       87%         3
 Ozocubu's Armour         Ice            0%         N/A       87%         3
 Sigil of Binding         Hex            0%         N/A       87%         3
 Teleport Other           Tloc           0%         N/A       87%         3
 Tukima's Dance           Hex            0%         N/A       87%         3
 Vampiric Draining        Necr           0%         2d6       87%         3
 Volatile Blastmotes      Fire/Tloc      0%         2d10      87%         3
 Dispel Undead            Necr           0%         3d6       99%         4
 Ignite Poison            Fire/Alch      0%         N/A       99%         4
 Manifold Assault         Tloc           0%         N/A       99%         4
 Martyr's Knell           Necr/Summ      0%         N/A       99%         4
 Passage of Golubria      Tloc           0%         N/A       99%         4
 Freezing Cloud           Conj/Ice/Air   0%         6-21      100%        5
 Metabolic Englaciation   Hex/Ice        0%         N/A       100%        5
 Yara's Violent Unravell  Hex/Alch       0%         3d3       100%        5
 Death Channel            Necr           0%         N/A       100%        6
 Dispersal                Tloc           0%         N/A       100%        6
 Sculpt Simulacrum        Ice/Alch       0%         N/A       100%        6
 Starburst                Conj/Fire      0%         6d3       100%        6
 Summon Hydra             Summ           0%         N/A       100%        7
 Maxwell's Capacitive Co  Air            0%         ∞         100%        8


Dungeon Overview and Level Annotations

Branches:
Dungeon (10/15) Zot: 26265  Temple (1/1) D:5 Zot: 5884    Lair (3/5) D:9 Zot: 15620
 Spider (0/4) Lair:2          Orc (0/2) D:9         Gauntlet (visited)
  Swamp: Lair:2-3    Shoals: Lair:2-3

Altars:
Ashenzari
Cheibriados
Dithmenos
Elyvilon
Fedhas
Gozag
Hepliaklqana
Kikubaaqudgha
Makhleb
Nemelex Xobeh
Okawaru
Qazlal
Ru
Sif Muna
Trog
Uskayaw
Vehumet
Wu Jian
Xom
Yredelemnul
Zin
The Shining One

Portals:
Trove: D:10 (give +5 demon whip)

Annotations:
Lair:1 exclusion: oklob plant
Lair:2 1 exclusion
Lair:3 1 runed translucent door


Innate Abilities, Weirdness & Mutations

Your life essence is reduced to manifest your ancestor. (-10% HP)
You are too large for most types of armour.
You have claws for hands.
Your natural rate of healing is unusually fast.
You are covered in fur. (AC +1)
You have tough skin. (AC +1)
Your flesh is heat resistant. (rF+)
You are strong-willed. (Will+)
You passively map a small area around you.
You are weak. (Str -2)


Message History

The skyshark completely misses you. The skyshark barely misses you. x2
You mangle the skyshark!!
The skyshark is severely wounded.
Beorhtric casts a spell at the skyshark.
The stone arrow hits the skyshark!!
The water moccasin completely misses you.
You scratch the skyshark but do no damage.
The skyshark is almost dead.
The skyshark bites you!!
The skyshark enters a blood-rage!
The skyshark tail-slaps you. x2; The water moccasin misses you.
You claw the skyshark!
You kill the skyshark!
The water moccasin bites you.
You are poisoned.
The water moccasin poisons you!
Beorhtric casts a spell at the water moccasin.
The stone arrow hits the water moccasin!
Your Fighting skill increases to level 10!
You mangle the water moccasin!!
You kill the water moccasin!
You feel very sick.
No target in view!
No target in view!
You feel very sick.
You feel sick.
You feel sick.
You feel sick.
You feel sick.
You feel sick.
You feel sick.
You feel sick.
You feel sick.
You are no longer poisoned.
Found a runed translucent door.
No target in view!
No target in view!
No target in view!
No target in view!
No target in view!
You now have 775 gold pieces (gained 8).
You now have 796 gold pieces (gained 21).
A bullfrog comes into view.
The bullfrog croaks.
A bullfrog is nearby!
A bullfrog is nearby!
A bullfrog is nearby!
A bullfrog is nearby!
You rampage towards the bullfrog!
The bullfrog barely misses you. The bullfrog misses you.
You scratch the bullfrog.
The bullfrog is lightly wounded.
The bullfrog barely misses you.
You mangle the bullfrog!!
You kill the bullfrog!
No target in view!
No target in view!
No target in view!
Found an escape hatch in the floor.
You now have 819 gold pieces (gained 23).
I - 2 scrolls labelled COGHEDGH VADD (gained 1)
n - 3 scrolls of revelation {@r5 !r} (gained 1)
A water moccasin comes into view.
The water moccasin hisses angrily.
A water moccasin is nearby!
Beorhtric casts a spell at the water moccasin.
The puff of frost hits the water moccasin.
You rampage towards the water moccasin!
The water moccasin barely misses you.
You claw the water moccasin!
The water moccasin is severely wounded.
The water moccasin misses you.
You mangle the water moccasin!!
You kill the water moccasin!
No target in view!
No target in view!
No target in view!
You see here a water moccasin corpse.
A komodo dragon comes into view.
The komodo dragon hisses angrily.
A komodo dragon is nearby!
A komodo dragon is nearby!
Beorhtric gestures at the komodo dragon while chanting.
The puff of frost hits the komodo dragon!
Beorhtric gestures at the komodo dragon while chanting.
The stone arrow hits the komodo dragon!
You rampage towards the komodo dragon!
You claw the komodo dragon!
The komodo dragon is severely wounded.
The komodo dragon bites you!!
You scratch the komodo dragon but do no damage.
The komodo dragon is severely wounded.
The komodo dragon bites you!!
You are too injured to fight recklessly!
You are too injured to fight recklessly!
You are too injured to fight recklessly!
You are too injured to fight recklessly!
You are too injured to fight recklessly!
A komodo dragon is nearby!
A komodo dragon is nearby!
You mangle the komodo dragon!!
You kill the komodo dragon!
Are you sure you want to abandon this character and quit the game? (Confirm with "yes".)

, , ##
.......#..........# ##.
.................... ...
........................
.....................>..
,
........................
, ,
,........................
,..........!.............
......$@R...............
........................
, ,
.......##...........#...
.......#.............##.
....................#...
*
........................
........................
*
........................
, ...................


You could see the friendly Beorhtric the battlemage.

Vanquished Creatures
  A minotaur (Gauntlet)
  A skyshark (Lair:3)
  A black mamba (Lair:2)
  Joseph (D:10)
  A cane toad (Lair:1)
  Jeremiah (D:8)
  A rime drake (Lair:1)
  3 komodo dragons
  2 trolls
  A blink frog (Lair:2)
  Sigmund (D:2)
  3 wyverns
  25 yaks
  A wraith (D:10)
  A steam dragon (D:7)
  3 basilisks
  Grum (D:9)
  A swamp worm (Lair:2)
  An acid dragon (D:10)
  7 water moccasins
  2 ice beasts
  2 orc warriors (D:9)
  A black bear (Lair:1)
  2 ogres
  16 wolves
  A centaur (D:8)
  2 kobold brigands
  A phantom (D:5)
  A gnoll sergeant (D:5)
  14 bullfrogs
  A scorpion (D:6)
  9 wights
  2 killer bees (D:9)
  2 howler monkeys (D:10)
  A bombardier beetle (D:6)
  9 orc priests
  2 hounds
  An iguana (D:7)
  Terence (D:2)
  5 orc wizards
  8 gnolls
  7 adders
  A white imp (D:7)
  A ribbon worm (D:2)
  20 orcs
  11 bats
  11 endoplasms
  2 giant cockroaches
  5 goblins
  8 hobgoblins
  9 jackals
  6 quokkas
  11 ball pythons
  8 frilled lizards
  28 kobolds
  9 rats
277 creatures vanquished.

Vanquished Creatures (collateral kills)
  A hydra (Lair:2)
  Erica (Lair:1)
  A two-headed ogre (D:10)
  Maggie (D:8)
  A komodo dragon (Lair:2)
  2 blink frogs (Lair:2)
  9 yaks
  3 basilisks
  A wyvern (Lair:2)
  4 water moccasins
  An orc warrior (D:9)
  6 wolves
  A centaur (D:9)
  A kobold brigand (D:8)
  3 bullfrogs
  4 wights
  4 killer bees
  A gnoll bouda (D:6)
  3 orc priests
  An orc wizard (D:7)
  4 gnolls
  An adder (D:6)
  A shadow imp (Gauntlet)
  10 orcs
  4 kobolds
69 creatures vanquished.

Vanquished Creatures (others)
  A water moccasin (D:9)
  7 battlemagi
8 creatures vanquished.

Grand Total: 354 creatures vanquished

Notes
Turn   | Place    | Note
-------+----------+-------------------------------------------
     0 | D:1      | EnegeticOcto the Troll Monk began the quest for the Orb.
     0 | D:1      | Reached XP level 1. HP: 22/22 MP: 0/0
    36 | D:1      | Found a large runed translucent door.
    36 | D:1      | Found a large runed translucent door.
    47 | D:1      | Reached XP level 2. HP: 22/29 MP: 1/1
   158 | D:1      | Found a faded altar of an unknown god.
   187 | D:1      | Reached XP level 3. HP: 36/36 MP: 2/2
   693 | D:1      | Reached skill level 4 in Unarmed Combat
   729 | D:1      | Reached skill level 3 in Fighting
   852 | D:2      | Reached XP level 4. HP: 42/45 MP: 3/3
   913 | D:2      | Noticed Terence
   922 | D:2      | Killed Terence
  1046 | D:2      | Noticed Sigmund
  1055 | D:2      | Killed Sigmund
  1056 | D:2      | Reached skill level 5 in Unarmed Combat
  1056 | D:2      | Reached XP level 5. HP: 54/54 MP: 4/4
  1191 | D:2      | Reached XP level 6. HP: 52/62 MP: 5/5
  1412 | D:2      | Reached skill level 6 in Unarmed Combat
  1761 | D:3      | Reached skill level 4 in Fighting
  3481 | D:5      | Entered Level 5 of the Dungeon
  3495 | D:5      | Reached XP level 7. HP: 67/70 MP: 6/6
  3530 | D:5      | Reached skill level 7 in Unarmed Combat
  3626 | D:5      | Found a staircase to the Ecumenical Temple.
  3634 | Temple   | Entered the Ecumenical Temple
  3695 | Temple   | Became a worshipper of Hepliaklqana the Forgotten
  3695 | Temple   | Reached * piety under Hepliaklqana
  3695 | Temple   | Reached ** piety under Hepliaklqana
  3751 | D:5      | Remembered your ancestor Beorhtric as a battlemage
  4334 | D:6      | Reached skill level 5 in Fighting
  4334 | D:6      | Reached skill level 8 in Unarmed Combat
  4394 | D:6      | Reached XP level 8. HP: 66/72 MP: 7/7
  4586 | D:6      | Reached *** piety under Hepliaklqana
  4966 | D:6      | Gained mutation: Your flesh is heat resistant. (rF+)
                  | [potion of mutation]
  4966 | D:6      | Gained mutation: You are strong-willed. (Will+) [potion of
                  | mutation]
  4966 | D:6      | Gained mutation: You are weak. (Str -2) [potion of
                  | mutation]
  4966 | D:6      | Gained mutation: You passively map a small area around you.
                  | [potion of mutation]
  5195 | D:7      | Reached skill level 9 in Unarmed Combat
  5441 | D:7      | Reached skill level 6 in Fighting
  5569 | D:7      | Reached skill level 10 in Unarmed Combat
  5801 | D:7      | Reached XP level 9. HP: 75/80 MP: 8/8
  6034 | D:8      | Reached skill level 11 in Unarmed Combat
  6045 | D:8      | Reached skill level 7 in Fighting
  6257 | D:8      | Noticed Maggie
  6264 | D:8      | Killed Maggie
  6286 | D:8      | Reached skill level 12 in Unarmed Combat
  6293 | D:8      | Noticed Jeremiah
  6308 | D:8      | Killed Jeremiah
  6309 | D:8      | Reached XP level 10. HP: 62/89 MP: 9/9
  7121 | D:9      | Reached skill level 1 in Armour
  7136 | D:9      | Reached **** piety under Hepliaklqana
  7180 | D:9      | Reached skill level 3 in Dodging
  7266 | D:9      | Reached skill level 8 in Fighting
  7266 | D:9      | Reached skill level 2 in Armour
  7349 | D:9      | Found a staircase to the Lair.
  7547 | D:9      | Noticed Grum
  7558 | D:9      | Killed Grum
  7567 | D:9      | Reached skill level 4 in Dodging
  7614 | D:9      | Reached skill level 3 in Armour
  7698 | D:9      | Found an ancient bone altar of Kikubaaqudgha.
  7759 | D:9      | Found a staircase to the Orcish Mines.
  8046 | D:10     | Entered Level 10 of the Dungeon
  8329 | D:10     | Reached ***** piety under Hepliaklqana
  8355 | D:10     | Reached skill level 13 in Unarmed Combat
  8355 | D:10     | Reached XP level 11. HP: 85/101 MP: 10/10
  8387 | D:10     | Noticed Joseph
  8395 | D:10     | Killed Joseph
  8597 | D:10     | Noticed a two-headed ogre
  8604 | D:10     | Killed a two-headed ogre
  8736 | D:10     | Found a portal to a secret trove of treasure.
  8763 | D:10     | Identified a scroll of acquirement
  8763 | D:10     | Acquired a manual of Dodging
  8790 | Lair:1   | Entered Level 1 of the Lair of Beasts
  8794 | Lair:1   | Reached skill level 4 in Armour
  8814 | Lair:1   | Reached skill level 5 in Dodging
  8834 | Lair:1   | Noticed Erica
  8840 | Lair:1   | Reached skill level 9 in Fighting
  9034 | Lair:1   | Reached skill level 6 in Dodging
  9332 | Lair:1   | Killed Erica
  9333 | Lair:1   | Reached skill level 5 in Armour
  9717 | Lair:1   | Found a sacrificial altar of Ru.
  9718 | Lair:1   | Noticed an oklob plant
  9886 | Lair:2   | Noticed an eight-headed hydra
  9896 | Lair:2   | Killed an eight-headed hydra
  9897 | Lair:2   | Reached skill level 7 in Dodging
  9912 | Lair:2   | Reached XP level 12. HP: 62/111 MP: 11/11
 10038 | Lair:2   | Found a hole to the Spider Nest.
 10092 | Lair:2   | Reached skill level 14 in Unarmed Combat
 10135 | Lair:2   | Found a gate leading to a gauntlet.
 10155 | Gauntlet | Entered a Gauntlet
 10155 | Gauntlet | Found a transporter.
 10155 | Gauntlet | Found a transporter.
 10183 | Gauntlet | Found a transporter.
 10195 | Gauntlet | Found a transporter.
 10213 | Gauntlet | Found a transporter.
 10213 | Gauntlet | Found a transporter.
 10213 | Gauntlet | Found a transporter.
 10213 | Gauntlet | Noticed a ghost crab
 10215 | Gauntlet | Found a transporter.
 10215 | Gauntlet | Found a transporter.
 10230 | Gauntlet | Found a transporter.
 10245 | Gauntlet | Found a transporter.
 10254 | Gauntlet | Noticed a death yak
 10254 | Gauntlet | Noticed a death yak
 10255 | Gauntlet | Found a transporter.
 10255 | Gauntlet | Noticed a death yak
 10256 | Gauntlet | Noticed a death yak
 10256 | Gauntlet | Noticed a death yak
 10269 | Gauntlet | Found a transporter.
 10289 | Gauntlet | Found a transporter.
 10343 | Gauntlet | Identified the amulet "Qiugha Ror" {^Contam Rampage rC+
                  | Regen+}
 10426 | Gauntlet | Identified the +9 morningstar of Cataclysm {drain, Dex+3}
 10426 | Gauntlet | Noticed a minotaur
 10432 | Gauntlet | Killed a minotaur
 10439 | Gauntlet | Identified the +3 short sword "Hulk" {elec, rF+ Str+6}
 10534 | Lair:2   | Reached skill level 8 in Dodging
 10687 | Lair:2   | Reached skill level 6 in Armour
 11388 | Lair:3   | Reached skill level 10 in Fighting
 11419 | Lair:3   | Found a runed translucent door.
 11454 | Lair:3   | Reached ****** piety under Hepliaklqana
 11527 | Lair:3   | Quit the game

Illustrated notes

Levels and vault maps discovered:
D:1:      erik_arrival_cave_to_civilisation [erik_arrival_cave_to_temple],
          layout_basic, hellmonk_ecumenical_altar_blasted
D:2:      minmay_evil_eye, layout_basic, hex_large, minmay_shallow_snake_nest,
          uniq_terence, uniq_sigmund
D:3:      layout_basic, nicolae_hexahallways, chequers_decorated_corner,
          chequers_serial_rivers_micro_a
D:4:      layout_basic
D:5:      layout_basic, minmay_temple_entry_tees
D:6:      layout_loops_ring
D:7:      layout_basic, minmay_misc_feat_iff
D:8:      layout_loops_ring, columned_hall_lemuel, uniq_jeremiah, uniq_maggie
D:9:      layout_cave_pods, nicolae_overflow_hidden_temple,
          minmay_lair_entry_grove, uniq_grum
D:10:     layout_irregular_city, enter_trove_0, uniq_joseph
Temple:   mainiacjoe_temple_starburst
Lair:1:   layout_small_grid, serial_bayou_pond_c, lemuel_oklob_altar,
          serial_bayou_shore_b, uniq_erica
Lair:2:   layout_layer_cave, palyth_hydra_swamp_entry,
          spider_nest_entry_web_field, gauntlet_entry_generic,
          grunt_forest_large_clearings
Lair:3:   layout_hall_layers, ebering_ghost_funeral_grove, basic_altar,
          st_stairs_6

Skill      XL: |  1  2  3  4  5  6  7  8  9 10 11 12 |
---------------+-------------------------------------+-----
Unarmed Combat | 4 5 6 8 10 12 13 14 | 14.3
Fighting       | 3 4 5 6 7 8 9 10 | 10.0
Armour         | 3 5 6 |  6.3
Dodging        | 4 7 8 |  8.6

Action                     |  1- 3 |  4- 6 |  7- 9 | 10-12 || total
---------------------------+-------+-------+-------+-------++-------
  Melee: Unarmed           |   100 |   132 |   163 |   295 ||   690
  Throw: Dart              |       |       |     1 |     6 ||     7
 Invoke: Ancestor Life: Ba |       |       |     1 |       ||     1
         Recall Ancestor   |       |       |     1 |     7 ||     8
  Evoke: Wand              |       |       |       |    14 ||    14
    Use: Potion            |       |     3 |     1 |     2 ||     6
         Scroll            |       |       |    10 |    11 ||    21
   Stab: Distracted        |       |       |       |     2 ||     2
 Armour: Robe              |    90 |    74 |    88 |       ||   252
         Steam dragon scal |       |       |     8 |   110 ||   118
         Acid dragon scale |       |       |       |   166 ||   166
  Dodge: Dodged            |    57 |    58 |    55 |   191 ||   361

Table legend:
 A = Kills in this place as a percentage of kills in the entire game.
 B = Kills by you in this place as a percentage of kills by you in the entire game.
 C = Kills by friends in this place as a percentage of kills by friends in the entire game.
 D = Other kills in this place as a percentage of other kills in the entire game.
 E = Experience gained in this place as a percentage of experience gained in the entire game.
 F = Experience gained in this place divided by the number of levels of this place that you have seen.
                   A       B       C       D       E      F
               +-------+-------+-------+-------+-------+----------------------
         Total | 100.0 | 100.0 | 100.0 | 100.0 | 100.0 | 2006.6
       Dungeon |  76.4 |  79.4 |  63.8 | 100.0 |  45.2 | 1361.4
          Lair |  22.8 |  20.2 |  33.3 |   0.0 |  51.3 | 5150.0
      Gauntlet |   0.9 |   0.4 |   2.9 |   0.0 |   3.4 | 1035.0
               +-------+-------+-------+-------+-------+----------------------

Table legend: (Time is in decaauts)
 A = Elapsed time spent in this place.
 B = Non-inter-level travel time spent in this place.
 C = Inter-level travel time spent in this place.
 D = Time resting spent in this place.
 E = Time spent auto-exploring this place.
 F = Levels seen in this place.
 G = Mean time per level.
                   A        B        C        D        E       F      G
               +--------+--------+--------+--------+--------+-----+--------+
         Total |  11393 |  10940 |    453 |    633 |   8518 |  15 |  759.5 |
       Dungeon |   8591 |   8287 |    304 |    424 |   6555 |  10 |  859.1 |
        Temple |    115 |     22 |     93 |      0 |      0 |   1 |  115.0 |
          Lair |   2380 |   2324 |     56 |    144 |   1817 |   3 |  793.3 |
      Gauntlet |    306 |    306 |      0 |     65 |    146 |   1 |  306.0 |
               +--------+--------+--------+--------+--------+-----+--------+

Top non-repeatable levels by time:
     D:8: 1127 daAuts
     D:3: 1126 daAuts
  Lair:1: 1071 daAuts
  Lair:2: 1042 daAuts
     D:9: 1024 daAuts
     D:2: 886 daAuts
     D:7: 795 daAuts
     D:1: 786 daAuts
     D:6: 779 daAuts
    D:10: 712 daAuts
     D:5: 699 daAuts
     D:4: 654 daAuts
Gauntlet: 306 daAuts
  Lair:3: 267 daAuts
  Temple: 115 daAuts
